 Dungeon Crawl Stone Soup version 0.22.1-2-g9c5b331 (webtiles) character file.

50 myga the Ruffian (level 3, -13/33 HPs)
             Began as a Ghoul Chaos Knight on Dec 1, 2018.
             Mangled by a shadow wraith (14 damage)
             ... on level 1 of the Abyss.
             The game lasted 00:10:34 (1089 turns).

myga the Ruffian (Ghoul Chaos Knight)               Turns: 1089, Time: 00:10:35

Health: -13/33     AC:  5    Str: 15    XL:     3   Next: 79%
Magic:  2/2        EV: 11    Int:  7    God:    Xom [*.....]
Gold:   202        SH:  0    Dex:  9    Spells: 2/2 levels left

rFire    . . .     SeeInvis .     - Unarmed
rCold    + . .     Gourm    .   (no shield)
rNeg     + + +     Faith    +   a - +2 leather armour
rPois    ∞         Spirit   .   (no helmet)
rElec    .         Reflect  .   (no cloak)
rCorr    .         Harm     .   (no gloves)
MR       .....                  (no boots)
Stlth    +.........             o - amulet of faith
HPRegen  0.00/turn              (no ring)
MPRegen  0.08/turn              (no ring)

@: about to teleport, rotting, slowed, very slow
A: rotting body, claws 1, carnivore, cold resistance 1, negative energy
resistance 3, inhibited regeneration, torment resistance, unbreathing
a: Renounce Religion


You were on level 1 of the Abyss.
You worshipped Xom.
You were a special plaything of Xom.
You were not hungry.

You visited 1 branch of the dungeon, and saw 2 of its levels.
You visited the Abyss 1 time.

You collected 202 gold pieces.

Inventory:

Missiles
 g - 20 arrows
 h - 24 sling bullets
 k - 57 stones (quivered)
 m - 9 poisoned needles
Armour
 a - a +2 leather armour (worn)
 t - a +0 robe
Magical Staves
 n - an uncursed staff of power {unknown}
Jewellery
 o - an amulet of faith (around neck)
Scrolls
 c - a scroll of noise
 e - a scroll of magic mapping
 i - a scroll of teleportation
 j - a scroll of random uselessness
 p - a scroll of amnesia
 r - a scroll of fear {unknown}
Potions
 l - a potion of degeneration
 s - a potion of curing
Comestibles
 b - 4 rations


   Skills:
 + Level 3.9 Fighting
 + Level 2.3 Armour
 + Level 1.0 Dodging
 + Level 4.1 Unarmed Combat


You had 2 spell levels left.
You didn't know any spells.
Your spell library was empty.

Dungeon Overview and Level Annotations

Branches:
Dungeon (2/15)

Altars:
Okawaru
Sif Muna
Trog


Innate Abilities, Weirdness & Mutations

Your body is rotting away.
You thrive on raw meat.
You are immune to poison.
You have sharp fingernails.
You are carnivorous and can eat meat at any time.
Your flesh is cold resistant. (rC+)
You are immune to negative energy. (rN+++)
You do not regenerate when monsters are visible.
You are immune to unholy pain and torment.
You can survive without breathing.


Message History

Found 50 gold pieces.
Something closely misses your butterfly.
There is an open door here.
You see here 50 gold pieces.
You now have 202 gold pieces (gained 50).
All of the chunks of flesh in your inventory have rotted away.
Your butterfly disappears in a puff of smoke!
Okay, then.
Okay, then.
Something hits you!
* * * LOW HITPOINT WARNING * * *
Xom roars with laughter!
Something drains your vigour!
You feel yourself slow down.
Okay, then.
As you read the scroll labeled ZET ONOOLO, it crumbles to dust.
You feel strangely unstable.
You feel the power of the Abyss delaying your translocation!
It was a scroll of teleportation.
Something hits you!
You die...
Xom snickers!

## ### §###.##
#. #{@# #..#.##
#..# # #.
#§.#.# 4.#.
##.#.4#.# § #
#.##..#..
....##b....###.
..#.##..#..#..
## #.#..###.#
.#.


You could see an ice devil.

Vanquished Creatures
  A river rat (D:1)
  An ooze (D:1)
  A worm (D:2)
  A leopard gecko (D:1)
  A bat (D:1)
  6 goblins
  7 hobgoblins (D:1)
  3 jackals (D:1)
  2 frilled lizards
  4 kobolds (D:1)
  4 rats
31 creatures vanquished.

Notes
Turn   | Place    | Note
-------+----------+-------------------------------------------
     0 | D:1      | myga the Ghoul Chaos Knight began the quest for the Orb.
     0 | D:1      | Reached XP level 1. HP: 19/19 MP: 0/0
   124 | D:1      | Reached XP level 2. HP: 24/27 MP: 1/1
   328 | D:1      | Reached XP level 3. HP: 33/33 MP: 2/2
   362 | D:1      | XOM: cloud trail
   382 | D:1      | XOM: noise
   454 | D:1      | Reached skill level 1 in Dodging
   454 | D:1      | Reached skill level 4 in Unarmed Combat
   616 | D:1      | XOM: silly message
   828 | D:2      | XOM: divination: detect creatures
   829 | D:2      | Found a deep blue altar of Sif Muna.
   834 | D:2      | Found an iron altar of Okawaru.
   836 | D:2      | Found a bloodstained altar of Trog.
  1020 | D:2      | XOM: severe Tloc miscast
  1020 | D:2      | Cast into level 1 of the Abyss (the severe capriciousness
                  | of Xom)
  1029 | Abyss:1  | Found a corrupted altar of Lugonu.
  1029 | Abyss:1  | Noticed a smoke demon
  1041 | Abyss:1  | XOM: destruction
  1049 | Abyss:1  | Noticed a large abomination
  1051 | Abyss:1  | XOM: enchant monster (bad)
  1056 | Abyss:1  | XOM: mild Fire miscast
  1065 | Abyss:1  | a large abomination changed into something unseen
  1065 | Abyss:1  | XOM: polymorph large abomination -> something unseen
  1069 | Abyss:1  | XOM: butterfly on damage
  1077 | Abyss:1  | Noticed an ice devil
  1088 | Abyss:1  | HP: 1/33 [something (12)]
  1089 | Abyss:1  | Mangled by a shadow wraith

Skill      XL: |  1  2  3 |
---------------+----------+-----
Armour         | 2 |  2.3
Dodging        | 1 |  1.0
Unarmed Combat | 4 |  4.1
Fighting       | |  3.9

Action                   || total
-------------------------++-------
Melee: Unarmed           ||   111
       Punch             ||     1
Throw: Stone             ||    15
  Use: Scroll            ||     8
       Potion            ||     1
  Eat: Chunk             ||     1
Armor: Leather armour    ||    13
       Ring mail         ||    21
Dodge: Dodged            ||    49
